 Dungeon Crawl Stone Soup version 0.24.0-37-gcf1ca852f1 (webtiles) character file.

Game seed: 10058117915058296878, levelgen mode: deterministic

264 Gabide the Insei (level 6, 0/32 HPs)
             Began as a Vine Stalker Monk on Dec 5, 2019.
             Was a Believer of Nemelex Xobeh.
             Slain by an adder (1 damage)
             ... in a sewer.
             The game lasted 00:10:09 (2695 turns).

Gabide the Insei (Vine Stalker Monk)                Turns: 2695, Time: 00:10:09

Health: 0/32       AC:  3    Str: 14    XL:     6   Next: 19%
Magic:  0/7        EV: 11    Int: 10    God:    Nemelex Xobeh [**....]
Gold:   99         SH:  0    Dex: 18    Spells: 5/5 levels left

rFire    . . .     SeeInvis .     - Unarmed
rCold    . . .     Gourm    .   (no shield)
rNeg     . . .     Faith    .   a - +1 robe
rPois    .         Spirit   +   (no helmet)
rElec    .         Reflect  .   (no cloak)
rCorr    .         Harm     .   (no gloves)
MR       .....                  (no boots)
Stlth    ++........             (no amulet)
HPRegen  0.50/turn              (no ring)
MPRegen  0.10/turn              (no ring)

@: lethally poisoned (0 -> 0), very slightly contaminated, constricted,
invisible, very slow
A: fangs 2, regeneration 1, magic shield, antimagic bite, no potion heal 3, rot
immunity
a: Draw Escape, Draw Destruction, Draw Summoning, Renounce Religion


You were in a sewer.
You worshipped Nemelex Xobeh.
Nemelex Xobeh was pleased with you.
You were not hungry.

You visited 1 branch of the dungeon, and saw 3 of its levels.
You also visited: Sewer.

You collected 99 gold pieces.

Inventory:

Armour
 a - a +1 robe (worn)
 h - a +0 leather armour
Jewellery
 f - an uncursed ring of ice
Wands
 l - a wand of random effects (16)
Scrolls
 c - 2 scrolls of enchant weapon
 e - 2 scrolls of remove curse
 g - a scroll of amnesia
Potions
 j - a potion of brilliance {unknown}
Comestibles
 b - 6 rations
 d - 6 chunks of flesh


   Skills:
 + Level 3.2 Fighting
 + Level 3.1 Dodging
 + Level 4.4 Stealth
 + Level 5.1 Unarmed Combat


You had 5 spell levels left.
You didn't know any spells.
Your spell library was empty.

Dungeon Overview and Level Annotations

Branches:
Dungeon (3/15)              Sewer (1/1)

Altars:
Nemelex Xobeh
Okawaru
Qazlal
Xom


Innate Abilities, Weirdness & Mutations

You have extremely sharp teeth.
Your natural rate of healing is unusually fast.
When hurt, damage is shared between your health and your magic reserves.
Your bite disrupts and absorbs the magic of your enemies.
Potions cannot restore your health.
You are immune to rotting.


Message History

Press: ? - help, Shift-Dir - straight line, f - adder
Aim: an adder (water)
The orb of energy misses the adder.
You feel a bit more experienced.
You feel sick. The ball python barely misses you. The adder closely misses you.
The ball python bites you.
* * * LOW HITPOINT WARNING * * *
The ball python constricts you. The ball python barely misses you.
The ball python bites you but does no damage.
You fade into invisibility!
The adder bites you.
* * * LOW HITPOINT WARNING * * *
The ball python closely misses you. The ball python constricts you.
The ball python misses you. The adder bites you.
* * * LOW HITPOINT WARNING * * *
You are very lightly contaminated with residual magic.
You escape the ball python's grasp.
You feel sick.
The rat is no longer moving slowly. x3; The ball python closely misses you.
The ball python grabs you. The ball python constricts you. The adder bites you.
You die...
Your body glows slightly and disappears.

#...# #...## ##...##
#....####################
#.....#≈≈≈≈≈≈≈≈≈≈≈≈≈≈≈..###
##.†...≈≈≈≈≈≈≈≈≈≈≈≈≈≈≈....##
#....≈≈≈≈≈≈≈≈≈≈≈≈r≈≈≈.....#
#.....≈≈≈#≈≈#≈rS≈rr≈≈......
##...≈≈≈≈≈≈≈≈≈@SSr≈≈≈r.....
###.#≈≈≈≈≈≈.≈≈S≈≈≈≈≈#.....
####################....
#... #.. ..


You could see an adder, a river rat, 3 ball pythons and 5 rats.

Vanquished Creatures
  A scorpion (D:2)
  An adder (D:2)
  3 river rats (Sewer)
  An adder skeleton (D:3)
  A worm (D:2)
  3 dart slugs
  6 leopard geckos
  2 orcs (D:3)
  3 giant cockroaches
  A goblin (D:1)
  3 hobgoblins (D:1)
  3 ball pythons
  7 bats
  4 kobolds
  12 rats
  A butterfly (D:2)
52 creatures vanquished.

Vanquished Creatures (collateral kills)
  A steam dragon (D:3)
1 creature vanquished.

Vanquished Creatures (others)
  An adder (D:3)
  An orc (D:3)
2 creatures vanquished.

Grand Total: 55 creatures vanquished

Notes
Turn   | Place    | Note
-------+----------+-------------------------------------------
     0 | D:1      | Gabide the Vine Stalker Monk began the quest for the Orb.
     0 | D:1      | Reached XP level 1. HP: 11/11 MP: 2/2
   436 | D:1      | Reached XP level 2. HP: 16/16 MP: 3/3
   922 | D:1      | Reached XP level 3. HP: 10/20 MP: 1/4
  1365 | D:2      | Found a shimmering altar of Xom.
  1761 | D:2      | Found a sparkling altar of Nemelex Xobeh.
  1772 | D:2      | Became a worshipper of Nemelex Xobeh the Trickster
  1772 | D:2      | Received a gift from Nemelex Xobeh
  1772 | D:2      | Reached * piety under Nemelex Xobeh
  1772 | D:2      | Received a gift from Nemelex Xobeh
  1772 | D:2      | Reached ** piety under Nemelex Xobeh
  1782 | D:2      | Noticed a scorpion
  1797 | D:2      | Killed a scorpion
  1797 | D:2      | Reached skill level 4 in Unarmed Combat
  1797 | D:2      | Gained mutation: Your natural rate of healing is unusually
                  | fast. [Vine Stalker growth]
  1797 | D:2      | Reached XP level 4. HP: 24/24 MP: 5/5
  1900 | D:2      | Received a gift from Nemelex Xobeh
  2364 | D:3      | Reached XP level 5. HP: 27/28 MP: 6/6
  2408 | D:3      | Found an iron altar of Okawaru.
  2411 | D:3      | Found a stormy altar of Qazlal.
  2492 | D:3      | Found a glowing drain.
  2515 | D:3      | Noticed a steam dragon
  2515 | D:3      | a worm changed into a steam dragon
  2520 | D:3      | Killed a steam dragon
  2520 | D:3      | Reached skill level 5 in Unarmed Combat
  2520 | D:3      | Reached XP level 6. HP: 5/32 MP: 1/7
  2583 | Sewer    | Entered a sewer
  2695 | Sewer    | HP: 1/32 [poisoned by an adder]
  2695 | Sewer    | Slain by an adder

Levels and vault maps discovered:
D:1:      dpeg_arrival_windows_large_door, layout_basic, serial_forest,
          infiniplex_forest_lined_2, infiniplex_forest_corner_1,
          infiniplex_forest_lined_2, infiniplex_forest_lined_room_,
          infiniplex_forest_clump_diagonal, infiniplex_forest_clump_diagonal,
          infiniplex_forest_clump_tiny, infiniplex_forest_3_way,
          infiniplex_forest_end_1, infiniplex_forest_straight_4,
          minmay_misc_feat_ornament, st_stairs_7, chequers_avenue, fountainhead
D:2:      layout_basic, nicolae_overflow_crystal_walls, xom_butterflies,
          first_ration, grunt_decor_arrowhead
D:3:      layout_loops_ring, okawaru_metal_pillars_1_2,
          overflow_temple_1_default, chequers_ecumenical_altar_simple_redux,
          cheibrodos_sewer_entry_bend
Sewer:    sewer_minmay_w

Skill      XL: |  1  2  3  4  5 |
---------------+----------------+-----
Fighting       | 3 |  3.2
Stealth        | 3 4 |  4.4
Unarmed Combat | 4 5 |  5.1
Dodging        | 3 |  3.1

Action                   |  1- 3 |  4- 6 || total
-------------------------+-------+-------++-------
Melee: Unarmed           |    81 |    66 ||   147
       Bite              |    16 |    14 ||    30
 Abil: Draw Destruction  |     2 |    11 ||    13
       Draw Escape       |       |     4 ||     4
       Draw Summoning    |       |     1 ||     1
  Use: Scroll            |     5 |     1 ||     6
       Potion            |       |     1 ||     1
 Stab: Sleeping          |     7 |     1 ||     8
       Distracted        |       |     2 ||     2
  Eat: Chunk             |     2 |     4 ||     6
Armor: Robe              |     8 |    23 ||    31
Dodge: Dodged            |    45 |    81 ||   126
